 Dungeon Crawl Stone Soup version 0.22-a0-247-gbddf880757 (webtiles) character file.

98 RedPan the Ducker (level 4, 0/35 HPs)
             Began as a Demonspawn Monk on Feb 24, 2018.
             Succumbed to an adder's poison
             ... on level 1 of the Dungeon.
             The game lasted 00:03:23 (1686 turns).

RedPan the Ducker (Demonspawn Monk)                 Turns: 1686, Time: 00:03:24

Health: 0/35       AC:  4    Str: 13    XL:     4   Next: 43%
Magic:  4/4        EV: 13    Int: 11    God:
Gold:   113        SH:  0    Dex: 15    Spells: 3/3 levels left

rFire    . . .     SeeInvis .   a - +0 falchion
rCold    + . .     Gourm    .   (no shield)
rNeg     . . .     Faith    .   d - +1 leather armour
rPois    .         Spirit   .   (no helmet)
rElec    .         Reflect  .   (no cloak)
rCorr    +         Harm     .   (no gloves)
MR       .....                  (no boots)
Stlth    ++........             (no amulet)
HPRegen  0.11/turn              i - ring of protection from cold
MPRegen  0.09/turn              m - ring of resist corrosion

@: lethally poisoned (0 -> -2)
A: claws 1, sturdy frame 1
a: no special abilities


You were on level 1 of the Dungeon.
You were not hungry.

You visited 1 branch of the dungeon, and saw 2 of its levels.

You collected 113 gold pieces.

Inventory:

Hand Weapons
 a - a +0 falchion (weapon)
Armour
 b - a +0 robe
 d - a +1 leather armour (worn)
 g - a +0 plate armour
Jewellery
 i - a ring of protection from cold (left claw)
 m - a ring of resist corrosion (right claw)
Scrolls
 e - a scroll of enchant armour
 h - a scroll of identify
Comestibles
 c - 7 rations
 k - 4 chunks of flesh


   Skills:
 - Level 3.0 Fighting
 - Level 3.1 Long Blades
 + Level 3.4 Dodging
 - Level 1.7 Stealth
 * Level 2.6 Unarmed Combat


You had 3 spell levels left.
You didn't know any spells.

Dungeon Overview and Level Annotations

Branches:
Dungeon (2/15)

Altars:


Innate Abilities, Weirdness & Mutations

You have sharp fingernails.
Your movements are slightly less encumbered by armour. (ER -2)


Message History

There is a lethal amount of poison in your body!
As you read the scroll labeled ZURGHU HYLE, it crumbles to dust.
It is a scroll of enchant armour.
Your +0 leather armour glows green for a moment.
As you read the scroll labeled TIAL ANAOST, it crumbles to dust.
It is a scroll of identify.
m - an uncursed ring of resist corrosion
* * * LOW HITPOINT WARNING * * *
You feel sick.
Put on which piece of jewellery? (? for menu, Esc to quit)
m - a ring of resist corrosion (right claw)
As you read the scroll labeled ANONIO HAJILLU, it crumbles to dust.
It is a scroll of amnesia.
You feel forgetful for a moment.
As you read the scroll labeled XOOSAT QESHE, it crumbles to dust.
You feel strangely unstable.
It was a scroll of teleportation.
* * * LOW HITPOINT WARNING * * *
You feel sick.
Your surroundings suddenly seem different.
You die...

.........>....#....# #..# #...
######.#....#.#....####..# #..#
.....#.##...#.#....รท(((..## #...
#....#.##...#......####...# ##.#
#....#....#############...# ###.#
.....#....................# #...#
.###.#.(.........##+####'####+#.#
..##.#....######.##...........#.#
#.##.#....# #@#######<######.#
...#.#....# #.# ### #.#
.#.#.#....# #.# #..
.#.#.#....######.################
.....#...........................
.#..##.........).................
.##.##...........................
###..#...............############
...#.#.........................#


There were no monsters in sight!

Vanquished Creatures
  Terence (D:2)
  2 adders
  A worm (D:2)
  2 dart slugs (D:1)
  2 leopard geckos (D:2)
  5 bats (D:1)
  2 giant cockroaches (D:1)
  5 goblins
  4 hobgoblins
  3 jackals (D:2)
  6 kobolds
  10 frilled lizards
  4 rats
47 creatures vanquished.

Notes
Turn   | Place    | Note
-------+----------+-------------------------------------------
     0 | D:1      | RedPan the Demonspawn Monk began the quest for the Orb.
     0 | D:1      | Reached XP level 1. HP: 18/18 MP: 1/1
   276 | D:1      | Gained mutation: You have sharp fingernails. [demonic ancestry]
   276 | D:1      | Reached XP level 2. HP: 24/24 MP: 2/2
   450 | D:1      | Reached skill level 1 in Unarmed Combat
   638 | D:1      | Reached XP level 3. HP: 26/29 MP: 3/3
  1339 | D:2      | Noticed Terence
  1362 | D:2      | Killed Terence
  1362 | D:2      | Gained mutation: Your movements are slightly less encumbered by armour. (ER -2) [demonic ancestry]
  1362 | D:2      | Reached XP level 4. HP: 13/35 MP: 4/4
  1677 | D:1      | HP: 1/35 [poisoned by an adder]
  1682 | D:1      | HP: 1/35 [poisoned by an adder]
  1686 | D:1      | Succumbed to an adder's poison

Vault maps used:
D:1:      minmay_arrival_three_doors, minmay_lizard_pond
D:2:      uniq_robin, uniq_natasha, uniq_terence

Skill      XL: |  1  2  3 |
---------------+----------+-----
Long Blades    | 3 |  3.1
Dodging        | 3 |  3.4
Unarmed Combat | 1 2 |  2.6
Fighting       | |  3.0
Stealth        | |  1.7

Action                   |  1- 3 |  4- 6 || total
-------------------------+-------+-------++-------
Melee: Falchion          |   136 |    26 ||   162
       Punch             |     1 |       ||     1
  Use: Potion            |     2 |       ||     2
       Scroll            |       |     4 ||     4
 Stab: Sleeping          |     8 |       ||     8
  Eat: Chunk             |     2 |     1 ||     3
Armor: Leather armour    |    34 |     3 ||    37
Dodge: Dodged            |   104 |    27 ||   131
       Rpst.: Falchion   |    24 |     6 ||    30

Table legend:
 A = Spawn XP
 B = Non-spawn XP
 C = Spawn XP percentage of total XP
 D = Spawn monster count
 E = Non-spawn monster count
 F = Spawn count percentage of total count
 G = Total turns spent on level
                    A         B        C        D         E        F      G
               +---------+---------+-------+---------+---------+-------+---------
         Total |       0 |     140 |   0.0 |       0 |      47 |   0.0 |  1686
               +---------+---------+-------+---------+---------+-------+---------
           D:1 |       0 |      62 |   0.0 |       0 |      31 |   0.0 |   940
           D:2 |       0 |      78 |   0.0 |       0 |      16 |   0.0 |   746
               +---------+---------+-------+---------+---------+-------+---------
